Calgary Flames vs Anaheim Ducks
Created - Saturday, April 15, 2023 at 07:10
Goals
|
| Calgary Flames |
2 |
0 |
0 |
2 |
| Anaheim Ducks |
1 |
3 |
1 |
5 |
|
Shots
|
| Calgary Flames |
12 |
7 |
12 |
31 |
| Anaheim Ducks |
15 |
12 |
10 |
37 |
|
1st period
1. Calgary Flames , J.T. Miller 15 (Timo Meier 10) at 16:06
2. Anaheim Ducks , Brayden Schenn 10 (Teuvo Teravainen 9, Josh Manson 4) at 18:39
3. Calgary Flames , Joel Eriksson Ek 7 (Logan Couture 8) at 19:15
Penalties :
Drew Doughty (CGY) for Interference (Minor) at 11:34, Jeff Petry (CGY) for Roughing (Minor) at 19:30
2nd period
4. Anaheim Ducks , John Tavares 14 (Ivan Provorov 14, Brayden Schenn 8) at 8:59 (PP)
5. Anaheim Ducks , Chandler Stephenson 4 (Alex Killorn 9, Ivan Provorov 15) at 13:01
6. Anaheim Ducks , Josh Morrissey 3 (Nazem Kadri 29, William Nylander 23) at 17:29
Penalties :
Josh Morrissey (ANA) for Hooking (Minor) at 5:31, Garnet Hathaway (CGY) for Holding (Minor) at 7:55
3rd period
7. Anaheim Ducks , John Tavares 15 (Teuvo Teravainen 10) at 12:50
Penalties :
Sebastian Aho (CGY) for High sticking (Minor) at 5:19, Zach Hyman (CGY) for Slashing (Minor) at 8:52, Brenden Dillon (ANA) for Hooking (Minor) at 16:43, Zach Hyman (CGY) for Hooking (Minor) at 19:36
Goalie Stats
Thatcher Demko (CGY), 32 saves from 37 shots - (0.865), L, 10-7-3, 60:00 minutes
Jack Campbell (ANA), 29 saves from 31 shots - (0.935), W, 14-5-4, 60:00 minutes
Players Stats for Calgary Flames
Player Name G A P +/- PIM S H SB GA TA FO MP PP MP PK MP
------------------------------------------------------------------------------------
Drew Doughty 0 0 0 -1 2 2 1 0 1 1 0/0 24:27 1:49 4:57
Garnet Hathaway 0 0 0 0 2 1 0 0 0 0 0/0 7:40 0:00 0:00
J.T. Miller 1 0 1 -2 0 4 2 0 1 1 9/15 16:58 1:55 0:29
Jeff Petry 0 0 0 -1 2 0 1 0 0 2 0/0 23:58 1:49 4:29
Joel Eriksson Ek 1 0 1 0 0 4 0 1 1 0 1/1 12:27 1:39 0:00
Kris Russell 0 0 0 -2 0 0 0 0 0 2 0/0 16:33 0:00 2:09
Logan Couture 0 1 1 0 0 5 1 0 0 0 9/17 18:32 1:50 5:49
Mathieu Joseph 0 0 0 0 0 1 0 0 0 0 0/0 13:09 0:09 1:42
Max Pacioretty 0 0 0 -2 0 1 1 0 0 0 0/0 14:36 0:30 0:00
Nic Dowd 0 0 0 0 0 3 1 0 0 0 3/7 10:35 0:00 2:47
Oskar Lindblom 0 0 0 0 0 0 1 0 0 0 1/1 7:41 0:00 0:00
Ryan Ellis 0 0 0 1 0 1 1 2 0 0 0/0 15:59 2:09 0:21
Ryan McDonagh 0 0 0 -2 0 0 0 1 0 0 0/0 19:00 0:00 3:18
Sebastian Aho 0 0 0 0 2 2 0 0 0 0 14/24 16:44 0:00 2:48
Timo Meier 0 1 1 -2 0 3 1 1 0 1 0/1 15:59 1:53 0:00
Travis Sanheim 0 0 0 1 0 0 1 1 1 1 0/0 20:14 2:09 3:32
Valeri Nichushkin 0 0 0 0 0 3 2 1 1 0 0/1 16:17 2:02 0:46
Zach Hyman 0 0 0 0 4 1 0 1 1 1 0/0 19:42 1:56 4:25
Players Stats for Anaheim Ducks
Player Name G A P +/- PIM S H SB GA TA FO MP PP MP PK MP
------------------------------------------------------------------------------------
Alex Killorn 0 1 1 0 0 2 1 0 0 1 0/0 11:46 0:00 2:19
Alexandre Texier 0 0 0 0 0 1 3 0 0 0 0/0 11:12 0:06 1:21
Brayden Schenn 1 1 2 1 0 3 1 1 2 0 0/0 18:26 4:35 1:09
Brenden Dillon 0 0 0 2 2 1 0 0 0 0 0/0 10:24 0:00 0:00
Chandler Stephenson 1 0 1 0 0 3 1 1 1 1 2/6 11:37 0:00 2:10
Esa Lindell 0 0 0 1 0 1 0 3 0 1 0/0 22:24 2:27 2:09
Ivan Provorov 0 2 2 -1 0 3 0 1 0 0 0/0 29:55 6:56 2:09
J.T. Compher 0 0 0 0 0 2 1 0 0 1 0/0 10:35 0:06 0:57
Jakob Chychrun 0 0 0 1 0 1 1 2 0 0 0/0 19:44 2:27 1:49
John Tavares 2 0 2 1 0 4 3 0 2 0 7/14 17:13 4:35 0:00
Josh Manson 0 1 1 2 0 0 1 1 0 0 0/0 12:10 0:00 1:49
Josh Morrissey 1 0 1 -1 2 1 3 0 0 0 0/0 25:39 6:56 0:00
Mark Scheifele 0 0 0 1 0 2 3 0 0 0 2/3 19:54 4:48 0:00
Mason Marchment 0 0 0 0 0 4 2 0 2 0 0/0 9:10 0:00 0:00
Nazem Kadri 0 1 1 1 0 5 2 2 0 0 17/35 19:44 4:42 0:00
Radek Faksa 0 0 0 0 0 0 1 0 0 0 2/5 9:10 0:00 0:00
Teuvo Teravainen 0 2 2 1 0 3 2 1 1 1 0/1 17:13 4:35 0:00
William Nylander 0 1 1 1 0 1 0 1 1 1 0/3 19:44 4:42 0:00
3 Stars
1 - John Tavares (ANA)
2 - Brayden Schenn (ANA)
3 - Teuvo Teravainen (ANA)
Power Play
Calgary Flames - 0 on 2 Attempt(s) - 0.00%
Anaheim Ducks - 1 on 6 Attempt(s) - 16.67%
Penalty Kill
Calgary Flames - 5 on 6 Attempt(s) - 83.33%
- Score 0 goal in Penalty Kill
Anaheim Ducks - 2 on 2 Attempt(s) - 100.00%
- Score 0 goal in Penalty Kill
Team Stat
Calgary Flames - Hits : 13 - Faceoff Wins : 37 - Blocked Shots : 8 - Penalty Minutes : 12
Anaheim Ducks - Hits : 25 - Faceoff Wins : 30 - Blocked Shots : 13 - Penalty Minutes : 4
Official
Referees : Kevin Pollock and Dean Morton
Linesman : Unknown
Game Notes
No Game Note
Finance
Level 1 -- Attendance: 4834 (80.57%) -- Ticket Income $483,400
Level 2 -- Attendance: 3522 (70.44%) -- Ticket Income $211,320
Level 3 -- Attendance: 1830 (61.00%) -- Ticket Income $84,180
Level 4 -- Attendance: 3469 (69.38%) -- Ticket Income $86,725
Luxury Box -- Attendance: 845 (84.50%) -- Ticket Income $169,000
Game was played at the Honda Center.
Total Attendance: 14500 (72.50%)
Total Ticket Income: $1,034,625
Other Income: $362,119
Total Income: $1,396,744
Calgary Flames
5 vs 5 Forward
Center Left Wing Right Wing Time % Phy DF OF
1 J.T. Miller Max Pacioretty Timo Meier 34 0 0 5
2 Sebastian Aho Zach Hyman Valeri Nichushkin 33 0 0 5
3 Logan Couture Mathieu Joseph Joel Eriksson Ek 25 0 2 3
4 Nic Dowd Oskar Lindblom Garnet Hathaway 8 1 3 1
5 vs 5 Defense
Defense Defense Time % Phy DF OF
1 Drew Doughty Jeff Petry 30 0 3 2
2 Travis Sanheim Ryan Ellis 30 0 3 2
3 Ryan McDonagh Kris Russell 30 0 3 2
4 Drew Doughty Jeff Petry 10 0 3 2
PowerPlay Forward
Center Left Wing Right Wing Time % Phy DF OF
1 J.T. Miller Logan Couture Valeri Nichushkin 50 0 0 5
2 Joel Eriksson Ek Timo Meier Zach Hyman 50 0 0 5
PowerPlay Defense
Defense Defense Time % Phy DF OF
1 Drew Doughty Jeff Petry 50 0 2 3
2 Travis Sanheim Ryan Ellis 50 0 2 3
Penalty Kill 4 Players Forward
Center Wing Time % Phy DF OF
1 Logan Couture Zach Hyman 60 0 4 1
2 Sebastian Aho Mathieu Joseph 40 0 4 1
Penalty Kill 4 Players Defense
Defense Defense Time % Phy DF OF
1 Drew Doughty Jeff Petry 60 1 2 2
2 Travis Sanheim Ryan McDonagh 40 1 2 2
Penalty Kill - 3 Players Forward
Forward Time % Phy DF OF
1 Nic Dowd 60 0 5 0
2 Logan Couture 40 0 5 0
Penalty Kill - 3 Players Defense
Defense Defense Time % Phy DF OF
1 Drew Doughty Jeff Petry 60 1 2 2
2 Travis Sanheim Ryan McDonagh 40 1 2 2
4 vs 4 Forward
Center Wing Time % Phy DF OF
1 Joel Eriksson Ek Max Pacioretty 60 1 2 2
2 Logan Couture Timo Meier 40 1 2 2
4 vs 4 Defense
Defense Defense Time % Phy DF OF
1 Drew Doughty Jeff Petry 60 1 2 2
2 Travis Sanheim Ryan Ellis 40 1 2 2
Last Minutes Offensive
Center Left Wing Right Wing Defense Defense
J.T. Miller Sebastian Aho Zach Hyman Drew Doughty Jeff Petry
Last Minutes Defensive
Center Left Wing Right Wing Defense Defense
J.T. Miller Sebastian Aho Logan Couture Drew Doughty Ryan McDonagh
Goaltenders
Starting : Thatcher Demko
Backup : Sam Montembeault
Extra Forwards
Normal : Max Pacioretty, Mathieu Joseph, Timo Meier - PP : Max Pacioretty, Mathieu Joseph - PK : Nic Dowd
Extra Defensemen
Normal : Ryan McDonagh, Kris Russell, Travis Sanheim - PP : Ryan McDonagh - PK : Kris Russell, Travis Sanheim
Penalty Shots
J.T. Miller, Sebastian Aho, Valeri Nichushkin, Max Pacioretty, Joel Eriksson Ek
Anaheim Ducks
5 vs 5 Forward
Center Left Wing Right Wing Time % Phy DF OF
1 Nazem Kadri Mark Scheifele William Nylander 37 1 2 2
2 John Tavares Brayden Schenn Teuvo Teravainen 33 1 2 2
3 Chandler Stephenson Alexandre Texier Alex Killorn 25 1 2 2
4 Radek Faksa J.T. Compher Mason Marchment 5 1 2 2
5 vs 5 Defense
Defense Defense Time % Phy DF OF
1 Ivan Provorov Josh Morrissey 40 1 2 2
2 Jakob Chychrun Esa Lindell 30 1 2 2
3 Brenden Dillon Josh Manson 20 1 2 2
4 Ivan Provorov Esa Lindell 10 1 2 2
PowerPlay Forward
Center Left Wing Right Wing Time % Phy DF OF
1 Nazem Kadri Mark Scheifele William Nylander 60 1 2 2
2 John Tavares Brayden Schenn Teuvo Teravainen 40 1 2 2
PowerPlay Defense
Defense Defense Time % Phy DF OF
1 Ivan Provorov Josh Morrissey 60 1 2 2
2 Esa Lindell Jakob Chychrun 40 1 2 2
Penalty Kill 4 Players Forward
Center Wing Time % Phy DF OF
1 Chandler Stephenson Alex Killorn 60 1 2 2
2 J.T. Compher Alexandre Texier 40 1 2 2
Penalty Kill 4 Players Defense
Defense Defense Time % Phy DF OF
1 Ivan Provorov Esa Lindell 60 1 2 2
2 Josh Manson Jakob Chychrun 40 1 2 2
Penalty Kill - 3 Players Forward
Forward Time % Phy DF OF
1 Alex Killorn 60 1 2 2
2 Teuvo Teravainen 40 1 2 2
Penalty Kill - 3 Players Defense
Defense Defense Time % Phy DF OF
1 Ivan Provorov Esa Lindell 60 1 2 2
2 Josh Manson Jakob Chychrun 40 1 2 2
4 vs 4 Forward
Center Wing Time % Phy DF OF
1 Nazem Kadri William Nylander 60 1 2 2
2 John Tavares Mark Scheifele 40 1 2 2
4 vs 4 Defense
Defense Defense Time % Phy DF OF
1 Esa Lindell Ivan Provorov 60 1 2 2
2 Brenden Dillon Jakob Chychrun 40 1 2 2
Last Minutes Offensive
Center Left Wing Right Wing Defense Defense
Nazem Kadri Mark Scheifele William Nylander Jakob Chychrun Josh Morrissey
Last Minutes Defensive
Center Left Wing Right Wing Defense Defense
Chandler Stephenson Alex Killorn Alexandre Texier Ivan Provorov Esa Lindell
Goaltenders
Starting : Jack Campbell
Backup : Robin Lehner
Extra Forwards
Normal : Nazem Kadri, William Nylander, Mark Scheifele - PP : William Nylander, Nazem Kadri - PK : Alex Killorn
Extra Defensemen
Normal : Ivan Provorov, Esa Lindell, Jakob Chychrun - PP : Josh Morrissey - PK : Ivan Provorov, Esa Lindell
Penalty Shots
Jakob Chychrun, Brenden Dillon, Mark Scheifele, John Tavares, Nazem Kadri
% Time on Ice - Calgary Flames
Lines # - Real PCT - Wanted PCT - Time Play
Normal Forward
1 - 31% - 34% - 14:19
2 - 30% - 33% - 13:51
3 - 23% - 25% - 10:48
4 - 16% - 8% - 7:41
Normal Defense
1 - 32% - 30% - 15:06
2 - 31% - 30% - 14:33
3 - 31% - 30% - 14:24
4 - 6% - 10% - 2:36
PP Forward
1 - 51% - 50% - 2:02
2 - 49% - 50% - 1:56
PP Defense
1 - 46% - 50% - 1:49
2 - 54% - 50% - 2:09
PK Forward
1 - 82% - 60% - 7:41
2 - 18% - 40% - 1:42
PK Defense
1 - 69% - 60% - 6:26
2 - 31% - 40% - 2:57
PK3 Forward
1 - 0% - 60%
2 - 0% - 40%
PK3 Defense
1 - 0% - 60%
2 - 0% - 40%
44 Forward
1 - 0% - 60%
2 - 0% - 40%
44 Defense
1 - 0% - 60%
2 - 0% - 40%
Last Minute Offensive - 0:00
Last Minute Defensive - 0:00
Total
Forward - 60:00
Defense - 60:00
|
% Time on Ice - Anaheim Ducks
Lines # - Real PCT - Wanted PCT - Time Play
Normal Forward
1 - 33% - 37% - 15:10
2 - 28% - 33% - 12:52
3 - 20% - 25% - 9:27
4 - 20% - 5% - 9:10
Normal Defense
1 - 40% - 40% - 18:48
2 - 33% - 30% - 15:28
3 - 22% - 20% - 10:21
4 - 4% - 10% - 2:02
PP Forward
1 - 51% - 60% - 4:48
2 - 49% - 40% - 4:35
PP Defense
1 - 74% - 60% - 6:56
2 - 26% - 40% - 2:27
PK Forward
1 - 79% - 60% - 3:09
2 - 21% - 40% - 0:49
PK Defense
1 - 54% - 60% - 2:09
2 - 46% - 40% - 1:49
PK3 Forward
1 - 0% - 60%
2 - 0% - 40%
PK3 Defense
1 - 0% - 60%
2 - 0% - 40%
44 Forward
1 - 0% - 60%
2 - 0% - 40%
44 Defense
1 - 0% - 60%
2 - 0% - 40%
Last Minute Offensive - 0:00
Last Minute Defensive - 0:00
Total
Forward - 60:00
Defense - 60:00
|
Play-by-Play
1st period
0:01 of 1st period - J.T. Miller wins face-off versus Nazem Kadri in neutral zone.
0:10 of 1st period - Snap shot by Nazem Kadri.
0:10 of 1st period - Deflect By Mark Scheifele.
0:10 of 1st period - Stopped by Thatcher Demko with a rebound.
0:12 of 1st period - Slapshot by Ivan Provorov.
0:12 of 1st period - Shot Misses the Net.
0:14 of 1st period - Snap shot by Ivan Provorov.
0:14 of 1st period - Stopped by Thatcher Demko with a rebound.
0:16 of 1st period - Slapshot by Ivan Provorov.
0:16 of 1st period - Deflect By Nazem Kadri.
0:16 of 1st period - Stopped by Thatcher Demko without a rebound.
0:17 of 1st period - John Tavares wins face-off versus Sebastian Aho in Calgary Flames zone.
0:24 of 1st period - Wrist shot by John Tavares.
0:24 of 1st period - Shot Misses the Net.
2:08 of 1st period - Snap shot by Alex Killorn.
2:08 of 1st period - Stopped by Thatcher Demko without a rebound.
2:09 of 1st period - Chandler Stephenson wins face-off versus Logan Couture in Calgary Flames zone.
2:42 of 1st period - Snap shot by Nazem Kadri.
2:42 of 1st period - Stopped by Thatcher Demko without a rebound.
2:43 of 1st period - John Tavares wins face-off versus Sebastian Aho in Calgary Flames zone.
2:50 of 1st period - Wrist shot by John Tavares.
2:50 of 1st period - Stopped by Thatcher Demko without a rebound.
2:51 of 1st period - Sebastian Aho wins face-off versus John Tavares in Calgary Flames zone.
3:20 of 1st period - Wrist shot by Zach Hyman.
3:20 of 1st period - Shot Blocked by Esa Lindell.
3:28 of 1st period - Snap shot by Sebastian Aho.
3:28 of 1st period - Shot Misses the Net.
3:30 of 1st period - Backhand shot by Sebastian Aho.
3:30 of 1st period - Deflect By Valeri Nichushkin.
3:30 of 1st period - Shot Blocked by Jakob Chychrun.
3:30 of 1st period - Puck is out of play.
3:31 of 1st period - Nazem Kadri wins face-off versus J.T. Miller in Anaheim Ducks zone.
4:23 of 1st period - Snap shot by Chandler Stephenson.
4:23 of 1st period - Stopped by Thatcher Demko without a rebound.
4:24 of 1st period - Chandler Stephenson wins face-off versus Logan Couture in Calgary Flames zone.
4:29 of 1st period - Snap shot by Alex Killorn.
4:29 of 1st period - Stopped by Thatcher Demko with a rebound.
4:31 of 1st period - Snap shot by Alexandre Texier.
4:31 of 1st period - Stopped by Thatcher Demko without a rebound.
4:32 of 1st period - Nazem Kadri wins face-off versus Nic Dowd in Calgary Flames zone.
4:47 of 1st period - Wrist shot by Nazem Kadri.
4:47 of 1st period - Stopped by Thatcher Demko with a rebound.
4:59 of 1st period - Slapshot by Nic Dowd.
4:59 of 1st period - Shot Misses the Net.
5:01 of 1st period - Slapshot by Drew Doughty.
5:01 of 1st period - Shot Blocked by Esa Lindell.
5:03 of 1st period - Slapshot by Zach Hyman.
5:03 of 1st period - Shot Misses the Net.
5:05 of 1st period - Slapshot by Jeff Petry.
5:05 of 1st period - Shot Misses the Net.
5:07 of 1st period - Wrist shot by Sebastian Aho.
5:07 of 1st period - Shot Blocked by Teuvo Teravainen.
5:09 of 1st period - Snap shot by Zach Hyman.
5:09 of 1st period - Shot Misses the Net.
5:23 of 1st period - Slapshot by Logan Couture.
5:23 of 1st period - Stopped by Jack Campbell without a rebound.
5:24 of 1st period - Logan Couture wins face-off versus William Nylander in Anaheim Ducks zone.
7:01 of 1st period - Snap shot by Logan Couture.
7:01 of 1st period - Stopped by Jack Campbell without a rebound.
7:02 of 1st period - Logan Couture wins face-off versus William Nylander in Anaheim Ducks zone.
7:29 of 1st period - Esa Lindell is hit by Timo Meier and loses puck.
7:52 of 1st period - Sebastian Aho is hit by Brayden Schenn and loses puck.
7:57 of 1st period - Snap shot by John Tavares.
7:57 of 1st period - Shot Misses the Net.
7:59 of 1st period - Snap shot by John Tavares.
7:59 of 1st period - Shot Misses the Net.
8:33 of 1st period - Wrist shot by Joel Eriksson Ek.
8:33 of 1st period - Deflect By Logan Couture.
8:33 of 1st period - Stopped by Jack Campbell without a rebound.
8:34 of 1st period - Logan Couture wins face-off versus Radek Faksa in Anaheim Ducks zone.
8:37 of 1st period - Snap shot by Joel Eriksson Ek.
8:37 of 1st period - Shot Misses the Net.
8:47 of 1st period - Slapshot by J.T. Compher.
8:47 of 1st period - Shot Blocked by Ryan McDonagh.
8:49 of 1st period - Snap shot by Radek Faksa.
8:49 of 1st period - Shot Blocked by Joel Eriksson Ek.
8:51 of 1st period - Wrist shot by Radek Faksa.
8:51 of 1st period - Deflect By Mason Marchment.
8:51 of 1st period - Stopped by Thatcher Demko with a rebound.
8:53 of 1st period - Wrist shot by Mason Marchment.
8:53 of 1st period - Shot Misses the Net.
8:55 of 1st period - Snap shot by J.T. Compher.
8:55 of 1st period - Stopped by Thatcher Demko with a rebound.
9:11 of 1st period - Joel Eriksson Ek is hit by Radek Faksa and loses puck.
9:41 of 1st period - Slapshot by Logan Couture.
9:41 of 1st period - Stopped by Jack Campbell with a rebound.
10:36 of 1st period - Wrist shot by Joel Eriksson Ek.
10:36 of 1st period - Stopped by Jack Campbell without a rebound.
10:37 of 1st period - Nazem Kadri wins face-off versus J.T. Miller in Anaheim Ducks zone.
10:57 of 1st period - Icing by Ryan Ellis.
10:58 of 1st period - John Tavares wins face-off versus J.T. Miller in Calgary Flames zone.
11:05 of 1st period - Slapshot by John Tavares.
11:05 of 1st period - Shot Blocked by Ryan Ellis.
11:34 of 1st period - Minor Penalty to Drew Doughty for Interference.
11:35 of 1st period - Nic Dowd wins face-off versus Nazem Kadri in Calgary Flames zone.
11:48 of 1st period - Jeff Petry is hit by Josh Morrissey and loses puck.
13:34 of 1st period - Penalty to Drew Doughty is over, Drew Doughty is back on ice.
13:44 of 1st period - Alexandre Texier is hit by Max Pacioretty and loses puck.
13:51 of 1st period - Alexandre Texier is hit by J.T. Miller and loses puck.
14:39 of 1st period - Backhand shot by Joel Eriksson Ek.
14:39 of 1st period - Deflect By Mathieu Joseph.
14:39 of 1st period - Stopped by Jack Campbell with a rebound.
15:03 of 1st period - Ryan McDonagh is hit by Jakob Chychrun and loses puck.
15:30 of 1st period - Slapshot by Mason Marchment.
15:30 of 1st period - Stopped by Thatcher Demko without a rebound.
15:31 of 1st period - Radek Faksa wins face-off versus Sebastian Aho in Calgary Flames zone.
16:06 of 1st period - Wrist shot by J.T. Miller.
16:06 of 1st period - Goal by J.T. Miller - Calgary Flames : 1 - Anaheim Ducks : 0.
16:07 of 1st period - Sebastian Aho wins face-off versus Nazem Kadri in neutral zone.
16:16 of 1st period - Snap shot by Zach Hyman.
16:16 of 1st period - Deflect By Nazem Kadri.
16:16 of 1st period - Shot Misses the Net.
16:16 of 1st period - Puck is out of play.
16:17 of 1st period - Nazem Kadri wins face-off versus Sebastian Aho in Anaheim Ducks zone.
16:19 of 1st period - Icing by William Nylander.
16:20 of 1st period - J.T. Miller wins face-off versus Nazem Kadri in Anaheim Ducks zone.
16:26 of 1st period - Backhand shot by Timo Meier.
16:26 of 1st period - Stopped by Jack Campbell with a rebound.
16:28 of 1st period - Snap shot by J.T. Miller.
16:28 of 1st period - Stopped by Jack Campbell without a rebound.
16:29 of 1st period - Mark Scheifele wins face-off versus J.T. Miller in Anaheim Ducks zone.
16:58 of 1st period - Wrist shot by Timo Meier.
16:58 of 1st period - Stopped by Jack Campbell with a rebound.
17:37 of 1st period - Slapshot by Drew Doughty.
17:37 of 1st period - Stopped by Jack Campbell with a rebound.
17:39 of 1st period - Snap shot by Drew Doughty.
17:39 of 1st period - Shot Blocked by Nazem Kadri.
17:41 of 1st period - Wrist shot by Nic Dowd.
17:41 of 1st period - Shot Blocked by Nazem Kadri.
17:43 of 1st period - Wrist shot by Nic Dowd.
17:43 of 1st period - Shot Misses the Net.
17:57 of 1st period - Wrist shot by Teuvo Teravainen.
17:57 of 1st period - Stopped by Thatcher Demko without a rebound.
17:58 of 1st period - J.T. Miller wins face-off versus John Tavares in Calgary Flames zone.
17:58 of 1st period - J.T. Miller is hit by John Tavares.
18:35 of 1st period - Wrist shot by Brayden Schenn.
18:35 of 1st period - Shot Misses the Net.
18:37 of 1st period - Wrist shot by Teuvo Teravainen.
18:37 of 1st period - Shot Misses the Net.
18:39 of 1st period - Slapshot by Brayden Schenn.
18:39 of 1st period - Goal by Brayden Schenn - Calgary Flames : 1 - Anaheim Ducks : 1.
18:40 of 1st period - Sebastian Aho wins face-off versus Nazem Kadri in neutral zone.
18:57 of 1st period - Snap shot by Nazem Kadri.
18:57 of 1st period - Shot Blocked by Valeri Nichushkin.
19:09 of 1st period - Snap shot by Logan Couture.
19:09 of 1st period - Shot Blocked by Esa Lindell.
19:11 of 1st period - Slapshot by Jeff Petry.
19:11 of 1st period - Deflect By Joel Eriksson Ek.
19:11 of 1st period - Shot Blocked by Chandler Stephenson.
19:11 of 1st period - Puck is out of play.
19:12 of 1st period - Logan Couture wins face-off versus Chandler Stephenson in Anaheim Ducks zone.
19:15 of 1st period - Slapshot by Logan Couture.
19:15 of 1st period - Deflect By Joel Eriksson Ek.
19:15 of 1st period - Goal by Joel Eriksson Ek - Calgary Flames : 2 - Anaheim Ducks : 1.
19:16 of 1st period - Sebastian Aho wins face-off versus Nazem Kadri in neutral zone.
19:30 of 1st period - Minor Penalty to Jeff Petry for Roughing.
19:31 of 1st period - Nazem Kadri wins face-off versus Logan Couture in Calgary Flames zone.
Goals for this period are 2 for Calgary Flames vs 1 for Anaheim Ducks.
Shots for this period are 12 for Calgary Flames vs 15 for Anaheim Ducks.
2nd period
0:01 of 2nd period - Nazem Kadri wins face-off versus Logan Couture in neutral zone.
0:04 of 2nd period - Logan Couture is hit by Nazem Kadri and loses puck.
1:30 of 2nd period - Penalty to Jeff Petry is over, Jeff Petry is back on ice.
2:37 of 2nd period - Wrist shot by Chandler Stephenson.
2:37 of 2nd period - Stopped by Thatcher Demko with a rebound.
2:39 of 2nd period - Slapshot by Brenden Dillon.
2:39 of 2nd period - Stopped by Thatcher Demko without a rebound.
2:40 of 2nd period - Sebastian Aho wins face-off versus Nazem Kadri in Calgary Flames zone.
2:40 of 2nd period - Sebastian Aho is hit by Mark Scheifele.
2:48 of 2nd period - Snap shot by Valeri Nichushkin.
2:48 of 2nd period - Shot Misses the Net.
2:50 of 2nd period - Snap shot by Sebastian Aho.
2:50 of 2nd period - Stopped by Jack Campbell without a rebound.
2:51 of 2nd period - Mark Scheifele wins face-off versus Valeri Nichushkin in Anaheim Ducks zone.
3:51 of 2nd period - Garnet Hathaway is hit by Mason Marchment and loses puck.
4:08 of 2nd period - Snap shot by Timo Meier.
4:08 of 2nd period - Stopped by Jack Campbell without a rebound.
4:09 of 2nd period - Nazem Kadri wins face-off versus J.T. Miller in Anaheim Ducks zone.
4:34 of 2nd period - Kris Russell is hit by John Tavares and loses puck.
5:22 of 2nd period - Snap shot by William Nylander.
5:22 of 2nd period - Deflect By Nazem Kadri.
5:22 of 2nd period - Shot Blocked by Ryan Ellis.
5:22 of 2nd period - Puck is out of play.
5:23 of 2nd period - Sebastian Aho wins face-off versus John Tavares in Calgary Flames zone.
5:23 of 2nd period - Zach Hyman is hit by Teuvo Teravainen and loses puck.
5:31 of 2nd period - Minor Penalty to Josh Morrissey for Hooking.
5:32 of 2nd period - J.T. Miller wins face-off versus Chandler Stephenson in Anaheim Ducks zone.
5:49 of 2nd period - Icing by Timo Meier.
5:50 of 2nd period - Joel Eriksson Ek wins face-off versus Chandler Stephenson in Calgary Flames zone.
6:37 of 2nd period - Wrist shot by J.T. Compher.
6:37 of 2nd period - Shot Misses the Net.
7:05 of 2nd period - Joel Eriksson Ek is hit by Chandler Stephenson and loses puck.
7:16 of 2nd period - Josh Manson is hit by Jeff Petry.
7:31 of 2nd period - Penalty to Josh Morrissey is over, Josh Morrissey is back on ice.
7:32 of 2nd period - Ryan Ellis is hit by Alexandre Texier.
7:44 of 2nd period - Snap shot by Nic Dowd.
7:44 of 2nd period - Stopped by Jack Campbell without a rebound.
7:45 of 2nd period - Nazem Kadri wins face-off versus Nic Dowd in Anaheim Ducks zone.
7:55 of 2nd period - Minor Penalty to Garnet Hathaway for Holding.
7:56 of 2nd period - Logan Couture wins face-off versus Nazem Kadri in Calgary Flames zone.
8:44 of 2nd period - Zach Hyman is hit by Josh Morrissey and loses puck.
8:55 of 2nd period - Snap shot by Brayden Schenn.
8:55 of 2nd period - Shot Misses the Net.
8:57 of 2nd period - Slapshot by Ivan Provorov.
8:57 of 2nd period - Stopped by Thatcher Demko with a rebound.
8:59 of 2nd period - Wrist shot by John Tavares.
8:59 of 2nd period - Goal by John Tavares - Calgary Flames : 2 - Anaheim Ducks : 2.
9:00 of 2nd period - J.T. Miller wins face-off versus Nazem Kadri in neutral zone.
9:05 of 2nd period - Icing by Esa Lindell.
9:06 of 2nd period - J.T. Miller wins face-off versus William Nylander in Anaheim Ducks zone.
10:02 of 2nd period - Wrist shot by Chandler Stephenson.
10:02 of 2nd period - Shot Misses the Net.
10:42 of 2nd period - Snap shot by Valeri Nichushkin.
10:42 of 2nd period - Shot Blocked by William Nylander.
10:44 of 2nd period - Backhand shot by Drew Doughty.
10:44 of 2nd period - Shot Blocked by Josh Manson.
11:02 of 2nd period - Wrist shot by Brayden Schenn.
11:02 of 2nd period - Shot Misses the Net.
11:38 of 2nd period - Oskar Lindblom is hit by Mason Marchment.
12:07 of 2nd period - Snap shot by Valeri Nichushkin.
12:07 of 2nd period - Stopped by Jack Campbell without a rebound.
12:08 of 2nd period - Sebastian Aho wins face-off versus Nazem Kadri in Anaheim Ducks zone.
12:11 of 2nd period - Wrist shot by Valeri Nichushkin.
12:11 of 2nd period - Stopped by Jack Campbell with a rebound.
12:25 of 2nd period - Slapshot by Nazem Kadri.
12:25 of 2nd period - Shot Misses the Net.
12:35 of 2nd period - Esa Lindell is hit by Logan Couture and loses puck.
13:01 of 2nd period - Snap shot by Alex Killorn.
13:01 of 2nd period - Deflect By Chandler Stephenson.
13:01 of 2nd period - Goal by Chandler Stephenson - Calgary Flames : 2 - Anaheim Ducks : 3.
13:02 of 2nd period - Nazem Kadri wins face-off versus Sebastian Aho in neutral zone.
14:29 of 2nd period - Oskar Lindblom is hit by Mark Scheifele and loses puck.
14:50 of 2nd period - Wrist shot by Joel Eriksson Ek.
14:50 of 2nd period - Stopped by Jack Campbell with a rebound.
14:56 of 2nd period - Wrist shot by Teuvo Teravainen.
14:56 of 2nd period - Shot Misses the Net.
14:58 of 2nd period - Wrist shot by Esa Lindell.
14:58 of 2nd period - Stopped by Thatcher Demko with a rebound.
15:00 of 2nd period - Wrist shot by Brayden Schenn.
15:00 of 2nd period - Stopped by Thatcher Demko with a rebound.
15:56 of 2nd period - Max Pacioretty is hit by Josh Manson and loses puck.
16:01 of 2nd period - Snap shot by Mason Marchment.
16:01 of 2nd period - Stopped by Thatcher Demko without a rebound.
16:02 of 2nd period - Sebastian Aho wins face-off versus Radek Faksa in Calgary Flames zone.
16:15 of 2nd period - Slapshot by Josh Morrissey.
16:15 of 2nd period - Shot Hit the Post.
16:17 of 2nd period - Snap shot by Mason Marchment.
16:17 of 2nd period - Stopped by Thatcher Demko without a rebound.
16:18 of 2nd period - Logan Couture wins face-off versus Nazem Kadri in Calgary Flames zone.
16:18 of 2nd period - Logan Couture is hit by Mark Scheifele.
16:26 of 2nd period - Slapshot by Drew Doughty.
16:26 of 2nd period - Deflect By Joel Eriksson Ek.
16:26 of 2nd period - Shot Misses the Net.
16:26 of 2nd period - Puck is out of play.
16:27 of 2nd period - Nazem Kadri wins face-off versus Logan Couture in Anaheim Ducks zone.
16:27 of 2nd period - Nazem Kadri is hit by Drew Doughty.
16:45 of 2nd period - Wrist shot by Nazem Kadri.
16:45 of 2nd period - Stopped by Thatcher Demko without a rebound.
16:46 of 2nd period - Sebastian Aho wins face-off versus John Tavares in Calgary Flames zone.
16:46 of 2nd period - Sebastian Aho is hit by Teuvo Teravainen.
16:53 of 2nd period - Off-side.
16:54 of 2nd period - Sebastian Aho wins face-off versus John Tavares in neutral zone.
17:13 of 2nd period - Snap shot by Teuvo Teravainen.
17:13 of 2nd period - Stopped by Thatcher Demko with a rebound.
17:15 of 2nd period - Slapshot by Esa Lindell.
17:15 of 2nd period - Shot Misses the Net.
17:17 of 2nd period - Wrist shot by Teuvo Teravainen.
17:17 of 2nd period - Deflect By Brayden Schenn.
17:17 of 2nd period - Shot Blocked by Zach Hyman.
17:17 of 2nd period - Puck is out of play.
17:18 of 2nd period - Nazem Kadri wins face-off versus J.T. Miller in Calgary Flames zone.
17:27 of 2nd period - Slapshot by Nazem Kadri.
17:27 of 2nd period - Shot Blocked by Timo Meier.
17:29 of 2nd period - Slapshot by Josh Morrissey.
17:29 of 2nd period - Goal by Josh Morrissey - Calgary Flames : 2 - Anaheim Ducks : 4.
17:30 of 2nd period - Nazem Kadri wins face-off versus Sebastian Aho in neutral zone.
18:07 of 2nd period - Snap shot by J.T. Miller.
18:07 of 2nd period - Shot Misses the Net.
18:09 of 2nd period - Slapshot by Ryan Ellis.
18:09 of 2nd period - Shot Blocked by Brayden Schenn.
19:46 of 2nd period - Ryan McDonagh is hit by Alexandre Texier and loses puck.
19:55 of 2nd period - Backhand shot by Oskar Lindblom.
19:55 of 2nd period - Deflect By Nic Dowd.
19:55 of 2nd period - Stopped by Jack Campbell with a rebound.
Goals for this period are 0 for Calgary Flames vs 3 for Anaheim Ducks.
Shots for this period are 7 for Calgary Flames vs 12 for Anaheim Ducks.
3rd period
0:01 of 3rd period - Nazem Kadri wins face-off versus Sebastian Aho in neutral zone.
0:52 of 3rd period - Alexandre Texier is hit by Nic Dowd and loses puck.
1:11 of 3rd period - Backhand shot by Joel Eriksson Ek.
1:11 of 3rd period - Stopped by Jack Campbell with a rebound.
1:51 of 3rd period - Kris Russell is hit by John Tavares.
2:36 of 3rd period - Slapshot by Ivan Provorov.
2:36 of 3rd period - Shot Blocked by Travis Sanheim.
2:44 of 3rd period - Slapshot by Mark Scheifele.
2:44 of 3rd period - Stopped by Thatcher Demko with a rebound.
3:00 of 3rd period - Wrist shot by J.T. Miller.
3:00 of 3rd period - Stopped by Jack Campbell without a rebound.
3:01 of 3rd period - J.T. Miller wins face-off versus John Tavares in Anaheim Ducks zone.
3:18 of 3rd period - Slapshot by J.T. Miller.
3:18 of 3rd period - Shot Misses the Net.
3:20 of 3rd period - Wrist shot by J.T. Miller.
3:20 of 3rd period - Stopped by Jack Campbell without a rebound.
3:21 of 3rd period - Sebastian Aho wins face-off versus Nazem Kadri in Anaheim Ducks zone.
3:28 of 3rd period - Slapshot by Sebastian Aho.
3:28 of 3rd period - Stopped by Jack Campbell with a rebound.
4:19 of 3rd period - Wrist shot by Logan Couture.
4:19 of 3rd period - Shot Blocked by Jakob Chychrun.
4:21 of 3rd period - Wrist shot by Mathieu Joseph.
4:21 of 3rd period - Shot Misses the Net.
4:35 of 3rd period - Wrist shot by William Nylander.
4:35 of 3rd period - Shot Misses the Net.
4:37 of 3rd period - Snap shot by Nazem Kadri.
4:37 of 3rd period - Shot Misses the Net.
5:19 of 3rd period - Minor Penalty to Sebastian Aho for High sticking.
5:20 of 3rd period - Logan Couture wins face-off versus Nazem Kadri in Calgary Flames zone.
5:32 of 3rd period - Snap shot by Logan Couture.
5:32 of 3rd period - Stopped by Jack Campbell without a rebound.
5:33 of 3rd period - Logan Couture wins face-off versus Nazem Kadri in Anaheim Ducks zone.
5:34 of 3rd period - Wrist shot by Zach Hyman.
5:34 of 3rd period - Shot Misses the Net.
7:19 of 3rd period - Penalty to Sebastian Aho is over, Sebastian Aho is back on ice.
7:35 of 3rd period - Drew Doughty is hit by Alexandre Texier and loses puck.
7:48 of 3rd period - Slapshot by Drew Doughty.
7:48 of 3rd period - Stopped by Jack Campbell without a rebound.
7:49 of 3rd period - Nic Dowd wins face-off versus Radek Faksa in Anaheim Ducks zone.
7:52 of 3rd period - Slapshot by Oskar Lindblom.
7:52 of 3rd period - Shot Misses the Net.
8:11 of 3rd period - J.T. Compher is hit by Oskar Lindblom and loses puck.
8:26 of 3rd period - Josh Morrissey is hit by Ryan Ellis and loses puck.
8:31 of 3rd period - Slapshot by Garnet Hathaway.
8:31 of 3rd period - Stopped by Jack Campbell with a rebound.
8:33 of 3rd period - Snap shot by Nic Dowd.
8:33 of 3rd period - Shot Blocked by Ivan Provorov.
8:35 of 3rd period - Slapshot by Ryan Ellis.
8:35 of 3rd period - Stopped by Jack Campbell without a rebound.
8:36 of 3rd period - Sebastian Aho wins face-off versus Nazem Kadri in Anaheim Ducks zone.
8:47 of 3rd period - Snap shot by Nazem Kadri.
8:47 of 3rd period - Shot Misses the Net.
8:49 of 3rd period - Slapshot by Jakob Chychrun.
8:49 of 3rd period - Stopped by Thatcher Demko without a rebound.
8:50 of 3rd period - Sebastian Aho wins face-off versus Nazem Kadri in Calgary Flames zone.
8:52 of 3rd period - Minor Penalty to Zach Hyman for Slashing.
8:53 of 3rd period - Nazem Kadri wins face-off versus Logan Couture in Calgary Flames zone.
8:57 of 3rd period - Slapshot by Nazem Kadri.
8:57 of 3rd period - Shot Hit the Post.
9:24 of 3rd period - Slapshot by Ivan Provorov.
9:24 of 3rd period - Stopped by Thatcher Demko without a rebound.
9:25 of 3rd period - Nazem Kadri wins face-off versus Logan Couture in Calgary Flames zone.
9:50 of 3rd period - Snap shot by Teuvo Teravainen.
9:50 of 3rd period - Stopped by Thatcher Demko without a rebound.
9:51 of 3rd period - Nic Dowd wins face-off versus Teuvo Teravainen in Calgary Flames zone.
10:52 of 3rd period - Penalty to Zach Hyman is over, Zach Hyman is back on ice.
10:52 of 3rd period - Snap shot by John Tavares.
10:52 of 3rd period - Stopped by Thatcher Demko without a rebound.
10:53 of 3rd period - J.T. Miller wins face-off versus Nazem Kadri in Calgary Flames zone.
11:27 of 3rd period - Wrist shot by Valeri Nichushkin.
11:27 of 3rd period - Stopped by Jack Campbell with a rebound.
11:38 of 3rd period - Off-side.
11:39 of 3rd period - Radek Faksa wins face-off versus Nic Dowd in neutral zone.
11:42 of 3rd period - Drew Doughty is hit by Josh Morrissey.
12:07 of 3rd period - Wrist shot by Max Pacioretty.
12:07 of 3rd period - Stopped by Jack Campbell with a rebound.
12:44 of 3rd period - Icing by Travis Sanheim.
12:45 of 3rd period - John Tavares wins face-off versus Logan Couture in Calgary Flames zone.
12:50 of 3rd period - Snap shot by John Tavares.
12:50 of 3rd period - Goal by John Tavares - Calgary Flames : 2 - Anaheim Ducks : 5.
12:51 of 3rd period - John Tavares wins face-off versus Sebastian Aho in neutral zone.
12:54 of 3rd period - Snap shot by Brayden Schenn.
12:54 of 3rd period - Stopped by Thatcher Demko without a rebound.
12:55 of 3rd period - Sebastian Aho wins face-off versus John Tavares in Calgary Flames zone.
13:44 of 3rd period - Kris Russell is hit by Alex Killorn and loses puck.
14:13 of 3rd period - Snap shot by Nic Dowd.
14:13 of 3rd period - Stopped by Jack Campbell without a rebound.
14:14 of 3rd period - John Tavares wins face-off versus Sebastian Aho in Anaheim Ducks zone.
14:14 of 3rd period - John Tavares is hit by Travis Sanheim.
14:20 of 3rd period - Brayden Schenn is hit by Valeri Nichushkin and loses puck.
14:50 of 3rd period - Wrist shot by Zach Hyman.
14:50 of 3rd period - Stopped by Jack Campbell without a rebound.
14:51 of 3rd period - Nazem Kadri wins face-off versus Timo Meier in Anaheim Ducks zone.
15:55 of 3rd period - Backhand shot by Logan Couture.
15:55 of 3rd period - Shot Misses the Net.
16:03 of 3rd period - Drew Doughty is hit by J.T. Compher and loses puck.
16:28 of 3rd period - Wrist shot by Sebastian Aho.
16:28 of 3rd period - Shot Misses the Net.
16:43 of 3rd period - Minor Penalty to Brenden Dillon for Hooking.
16:44 of 3rd period - J.T. Miller wins face-off versus Chandler Stephenson in Anaheim Ducks zone.
18:09 of 3rd period - Brayden Schenn is hit by J.T. Miller and loses puck.
18:43 of 3rd period - Penalty to Brenden Dillon is over, Brenden Dillon is back on ice.
18:50 of 3rd period - Wrist shot by J.T. Compher.
18:50 of 3rd period - Stopped by Thatcher Demko without a rebound.
18:51 of 3rd period - Nazem Kadri wins face-off versus Nic Dowd in Calgary Flames zone.
18:52 of 3rd period - Snap shot by William Nylander.
18:52 of 3rd period - Stopped by Thatcher Demko without a rebound.
18:53 of 3rd period - Oskar Lindblom wins face-off versus Mark Scheifele in Calgary Flames zone.
18:53 of 3rd period - Oskar Lindblom is hit by Nazem Kadri.
19:07 of 3rd period - Snap shot by Nazem Kadri.
19:07 of 3rd period - Stopped by Thatcher Demko with a rebound.
19:13 of 3rd period - Slapshot by Ryan McDonagh.
19:13 of 3rd period - Deflect By Oskar Lindblom.
19:13 of 3rd period - Shot Misses the Net.
19:13 of 3rd period - Puck is out of play.
19:14 of 3rd period - John Tavares wins face-off versus Sebastian Aho in Anaheim Ducks zone.
19:14 of 3rd period - John Tavares is hit by Valeri Nichushkin.
19:36 of 3rd period - Minor Penalty to Zach Hyman for Hooking.
19:37 of 3rd period - Logan Couture wins face-off versus Nazem Kadri in Calgary Flames zone.
Goals for this period are 0 for Calgary Flames vs 1 for Anaheim Ducks.
Shots for this period are 12 for Calgary Flames vs 10 for Anaheim Ducks.
Back to the Top